 Dungeon Crawl Stone Soup version 0.25-a0-25-gf18fdeb (webtiles) character file.

Game seed: 6309845191602916056, levelgen mode: deterministic

37 Percival42 the Charmwright (level 3, 0/24 HPs)
             Began as a Halfling Skald on Oct 17, 2019.
             Succumbed to an adder's poison
             ... on level 2 of the Dungeon.
             The game lasted 00:06:15 (1211 turns).

Percival42 the Charmwright (Halfling Skald)         Turns: 1211, Time: 00:06:16

Health: 0/24       AC: 10    Str: 13    XL:     3   Next: 62%
Magic:  5/5        EV: 14    Int: 11    God:
Gold:   77         SH:  0    Dex: 13    Spells: 2/5 levels left

rFire    . . .     SeeInvis .   h - +1 mace (protect)
rCold    . . .     Gourm    .   (shield restricted)
rNeg     . . .     Faith    .   b - +0 leather armour
rPois    .         Spirit   .   (no helmet)
rElec    .         Reflect  .   (no cloak)
rCorr    .         Harm     .   (no gloves)
MR       .....                  (no boots)
Stlth    +.........             g - amulet of the acrobat
HPRegen  0.08/turn              (no ring)
MPRegen  0.09/turn              (no ring)

@: lethally poisoned (0 -> -2), protection aura
A: small, mutation resistance 1
a: no special abilities


You were on level 2 of the Dungeon.
You were not hungry.

You visited 1 branch of the dungeon, and saw 2 of its levels.

You collected 77 gold pieces.

Inventory:

Hand Weapons
 a - a +0 short sword
 h - a +1 mace of protection (weapon)
Armour
 b - a +0 leather armour (worn)
Jewellery
 g - an amulet of the acrobat (around neck)
Potions
 f - a potion of experience {unknown}
 i - a potion of invisibility {unknown}


   Skills:
 + Level 2.0 Fighting
 + Level 2.9 Short Blades
 + Level 0.4 Maces & Flails
 + Level 1.6 Armour
 + Level 2.4 Dodging
 + Level 1.7 Spellcasting
 + Level 3.7 Charms


You had 2 spell levels left.
You knew the following spells:

 Your Spells              Type           Power        Failure   Level  Hunger
a - Infusion              Chrm           #...         9%          1    ##.....
b - Song of Slaying       Chrm           #.......     12%         2    ###....

Your spell library contained the following spells:

 Spells                   Type           Power        Failure   Level  Hunger
 Shroud of Golubria       Chrm/Tloc      #.....       26%         2    ###....
 Regeneration             Chrm/Necr      #.........   47%         3    ####...
 Spectral Weapon          Hex/Chrm       #.......     47%         3    ####...


Dungeon Overview and Level Annotations

Branches:
Dungeon (2/15)

Altars:


Innate Abilities, Weirdness & Mutations

You are small and have problems with some larger weapons.
You are somewhat resistant to further mutation.


Message History

* * * LOW HITPOINT WARNING * * *
You feel sick.
The jackal bites you but does no damage.
The goblin barely misses you. The jackal bites you.
* * * LOW HITPOINT WARNING * * *
The hobgoblin misses you.
Unknown command.
Unknown command.
Unknown command.
You closely miss the goblin. The jackal misses you.
The goblin barely misses you. The hobgoblin misses you.
The jackal barely misses you. The goblin misses you.
You hit the goblin.
Your weapon exudes an aura of protection.
You kill the goblin!
The jackal barely misses you. The hobgoblin closely misses you.
The jackal barely misses you. The adder closely misses you.
You hit the adder.
The adder is severely wounded.
You die...

#.##.## .#
#.#...###.###
#.#.........
#!........#
#.....#...#
#..h.....#
#Sh..#.#######
#@glr.K†K...r#####
####.#.#####.KK...
#.#.# #######
.#..# # ##.#.# #
...#. # ## # ##


You could see an adder, a leopard gecko, 2 jackals, a hobgoblin, 2 kobolds and a
rat.

Vanquished Creatures
  An adder (D:2)
  3 dart slugs
  2 ball pythons (D:1)
  3 bats (D:1)
  A giant cockroach (D:2)
  4 goblins
  A hobgoblin (D:2)
  2 jackals (D:2)
  3 kobolds
  3 rats (D:1)
23 creatures vanquished.

Notes
Turn   | Place    | Note
-------+----------+-------------------------------------------
     0 | D:1      | Percival42 the Halfling Skald began the quest for the Orb.
     0 | D:1      | Reached XP level 1. HP: 14/14 MP: 3/3
   326 | D:1      | Reached XP level 2. HP: 14/19 MP: 4/4
   330 | D:1      | Learned a level 2 spell: Song of Slaying
  1100 | D:2      | Reached XP level 3. HP: 12/24 MP: 5/5
  1208 | D:2      | HP: 1/24 [jackal (1)]
  1211 | D:2      | Succumbed to an adder's poison

Levels and vault maps discovered:
D:1:      dpeg_arrival_circle_labyrinth_c, layout_basic
D:2:      layout_loops_ring, grunt_decor_cap

Skill      XL: |  1  2 |
---------------+-------+-----
Fighting       | 2 |  2.0
Short Blades   | |  2.9
Maces & Flails | |  0.4
Armour         | |  1.6
Dodging        | |  2.4
Spellcasting   | |  1.7
Charms         | |  3.7

Action                   || total
-------------------------++-------
Melee: Short sword       ||    36
       Mace              ||    39
 Cast: Song of Slaying   ||     1
  Use: Scroll            ||     3
       Potion            ||     1
  Eat: Ration            ||     1
Armor: Leather armour    ||    52
Dodge: Dodged            ||   198

Table legend:
 A = Non-vault XP
 B = Vault XP
 C = Vault XP percentage of total XP
 D = Non-vault monster count
 E = Vault monster count
 F = Vault count percentage of total count
                 A         B        C        D         E       F
            +---------+---------+-------+---------+---------+-------
      Total |      54 |       0 |   0.0 |      23 |       0 |   0.0
            +---------+---------+-------+---------+---------+-------
        D:1 |      22 |       0 |   0.0 |      13 |       0 |   0.0
        D:2 |      32 |       0 |   0.0 |      10 |       0 |   0.0
            +---------+---------+-------+---------+---------+-------
